 Dungeon Crawl Stone Soup version 0.22-a0-897-g1b7a381375 (webtiles) character file.

3682 Htamos the Basher (level 10, -14/80 HPs)
             Began as a Formicid Fighter on July 31, 2018.
             Was a Believer of Makhleb.
             Demolished by a two-headed ogre
             ... wielding a +0 giant spiked club
              (16 damage)
             ... on level 7 of the Dungeon.
             The game lasted 00:35:22 (9798 turns).

Htamos the Basher (Formicid Fighter)                Turns: 9798, Time: 00:35:22

Health: -14/80     AC: 15    Str: 20    XL:     10   Next: 35%
Magic:  13/13      EV:  6    Int:  9    God:    Makhleb [**....]
Gold:   3369       SH: 13    Dex: 16    Spells: 9/9 levels left

rFire    . . .     SeeInvis +   H - +4 quarterstaff (chaos)
rCold    . . .     Gourm    .   c - +1 shield
rNeg     . . .     Faith    .   a - +0 plate armour
rPois    +         Spirit   .   (helmet unavailable)
rElec    .         Reflect  .   k - +0 cloak
rCorr    .         Harm     .   o - +0 pair of gloves
MR       +....                  A - +0 pair of boots
Stlth    ..........             (no amulet)
HPRegen  0.23/turn              I - ring of poison resistance
MPRegen  0.13/turn              p - +3 ring of dexterity

@: no status effects
A: permanent stasis, dig shafts and tunnels, four strong arms, antennae 3,
subdued magic 1
a: Dig, Shaft Self, Minor Destruction, Renounce Religion


You were on level 7 of the Dungeon.
You worshipped Makhleb.
Makhleb was pleased with you.
You were not hungry.

You visited 2 branches of the dungeon, and saw 9 of its levels.
You also visited: Ossuary and Bailey.

You collected 4021 gold pieces.
You spent 652 gold pieces at shops.

Inventory:

Hand Weapons
 j - a +0 morningstar
 w - a +1 flail of draining
 B - a +0 blowgun
 E - the +3 dagger of the Revolution {flame, *Contam +Inv Dex+3}
   (You bought it in a shop on level 4 of the Dungeon)

   It has been specially enchanted to burn those struck by it, causing extra
   injury to most foes and up to half again as much damage against particularly
   susceptible opponents.
   It affects your dexterity (+3).
   It lets you turn invisible.
   It causes magical contamination when unequipped.
 H - a +4 quarterstaff of chaos (weapon)
Missiles
 l - 54 poisoned needles
Armour
 a - a +0 plate armour (worn)
 c - a +1 shield (worn)
 k - a +0 cloak (worn)
 o - a +0 pair of gloves (worn)
 A - a +0 pair of boots (worn)
Jewellery
 d - an uncursed ring of magical power
 p - a +3 ring of dexterity (right hand)
 s - an uncursed ring of stealth
 t - an uncursed ring of stealth
 y - an uncursed ring of protection from cold
 I - a ring of poison resistance (left hand)
Wands
 b - a wand of digging (5)
 F - a wand of random effects (22)
 G - a wand of flame (6)
Scrolls
 e - 2 scrolls of fog
 g - a scroll of amnesia
 h - 4 scrolls of remove curse
 n - 4 scrolls of enchant armour
 q - a scroll of magic mapping
 v - 2 scrolls of noise
 D - 3 scrolls of identify
Potions
 i - 3 potions of heal wounds
 m - 3 potions of curing
 r - a potion of magic
 u - 2 potions of lignification
 x - a potion of ambrosia
 z - 2 potions of brilliance
Comestibles
 f - 7 rations
 C - a chunk of flesh


   Skills:
 + Level 8.1 Fighting
 * Level 9.8 Maces & Flails
 - Level 3.6 Armour
 + Level 8.9 Shields
 + Level 4.7 Invocations


You had 9 spell levels left.
You didn't know any spells.
Your spell library contained the following spells:

 Spells                   Type           Power        Failure   Level  Hunger
 Summon Small Mammal      Summ           #...         100%        1    ##.....
 Summon Ice Beast         Ice/Summ       #.......     100%        4    #####..
 Call Imp                 Summ           #.......     100%        2    ###....
 Regeneration             Chrm/Necr      #.........   100%        3    ####...
 Call Canine Familiar     Summ           #.......     100%        3    ####...
 Shroud of Golubria       Chrm/Tloc      #.........   100%        2    ###....
 Infusion                 Chrm           #...         100%        1    ##.....
 Song of Slaying          Chrm           #.......     100%        2    ###....
 Spectral Weapon          Hex/Chrm       #.......     100%        3    ####...
 Summon Lightning Spire   Summ/Air       #.......     100%        4    #####..
 Summon Guardian Golem    Hex/Summ       #.......     100%        3    ####...


Dungeon Overview and Level Annotations

Branches:
Dungeon (8/15)             Temple (1/1) D:5
   Lair: D:8-11

Altars:
Ashenzari
Cheibriados
Dithmenos
Elyvilon
Fedhas
Gozag
Hepliaklqana
Kikubaaqudgha
Makhleb
Okawaru
Qazlal
Ru
Sif Muna
Trog
Uskayaw
Vehumet
Wu Jian
Xom
Yredelemnul
Zin
The Shining One

Shops:
D:4 *?*

Annotations:
D:4 2 transporters, nawrastar's ghost, amateur HaHu
D:6 2 transporters


Innate Abilities, Weirdness & Mutations

You cannot be hasted, slowed, berserked, paralysed or teleported.
You can dig through walls and to a lower floor.
Your four strong arms can wield two-handed weapons with a shield.
You have a pair of large antennae on your head. (SInv)
Your spells are a little easier to cast, but a little less powerful.


Message History

There is a stone staircase leading up, spattered with blood here.
A two-headed ogre is nearby!
The two-headed ogre hits you but does no damage.
You block the two-headed ogre's attack.
You climb upwards.
There is a stone staircase leading down here.
The two-headed ogre hits you with a giant spiked club!
* * * LOW HITPOINT WARNING * * *
The two-headed ogre hits you but does no damage.
Are you sure you want to shaft yourself?
You feel somewhat more hungry.
The two-headed ogre hits you with a giant spiked club!!
* * * LOW HITPOINT WARNING * * *
The two-headed ogre hits you with a dire flail.
* * * LOW HITPOINT WARNING * * *
You block the two-headed ogre's attack.
The two-headed ogre hits you but does no damage.
You begin to dig a shaft.
You continue digging a shaft.
The two-headed ogre hits you with a giant spiked club!
You die...

........##..≈..∩.#≈.##..........#
........##..≈#...#≈..............
.......###..≈#####≈.........))...
.......# ##.≈≈≈≈≈≈≈.........)####
....).## #................##(#
.....## ##...#..........#####
#....#### ##..####>.....###
##......###<..###O....###
#..##.......###@.....#
##..######...........##
.......######....#..## ........##
##.....## .........## #.....#
..........####....##
...........#.......#
..............P....##
.............._..#..#


You could see a two-headed ogre.

Vanquished Creatures
  A hippogriff (D:5)
  A hungry ghost (D:7)
  Edmund (D:6)
  A porcupine (D:8)
  A sky beast (D:7)
  An ice beast (D:2)
  2 orc warriors
  3 phantoms
  2 black bears (D:7)
  3 ogres
  2 centaurs
  A big kobold (D:7)
  3 bullfrogs
  A water moccasin zombie (D:7)
  9 scorpions
  5 killer bees (D:5)
  2 howler monkeys (D:6)
  2 crimson imps
  A centaur zombie (Ossuary)
  3 human zombies (Ossuary)
  2 orc priests (D:7)
  3 orc wizards
  Crazy Yiuf (D:7)
  Terence (D:2)
  2 iguanas
  A worker ant (D:6)
  3 hound skeletons
  2 mummies (Ossuary)
  4 gnolls (D:7)
  4 scorpion zombies (Ossuary)
  9 adders
  2 shadow imps
  3 oozes
  2 adder skeletons
  2 dart slugs (D:1)
  5 leopard geckos
  14 orcs
  4 giant cockroaches
  3 gnoll zombies (Ossuary)
  17 goblins
  7 hobgoblins
  9 jackals
  17 kobolds
  3 quokkas
  3 ball pythons (D:3)
  4 bats
  A frilled lizard (D:1)
  3 goblin zombies (Ossuary)
  2 hobgoblin zombies (Ossuary)
  3 kobold zombies (Ossuary)
  3 orc zombies (Ossuary)
  10 rats
194 creatures vanquished.

Vanquished Creatures (others)
  A mummy (Ossuary)
  A gnoll zombie (Ossuary)
2 creatures vanquished.

Grand Total: 196 creatures vanquished

Notes
Turn   | Place    | Note
-------+----------+-------------------------------------------
     0 | D:1      | Htamos the Formicid Fighter began the quest for the Orb.
     0 | D:1      | Reached XP level 1. HP: 18/18 MP: 1/1
    74 | D:1      | Reached XP level 2. HP: 15/24 MP: 2/2
   381 | D:1      | Reached XP level 3. HP: 19/29 MP: 3/3
   880 | D:2      | Reached XP level 4. HP: 37/37 MP: 4/4
   919 | D:2      | Reached skill level 3 in Maces & Flails
  1147 | D:2      | Noticed an ice beast
  1162 | D:2      | Killed an ice beast
  1162 | D:2      | Reached XP level 5. HP: 27/42 MP: 5/5
  1166 | D:2      | Noticed Terence
  1185 | D:2      | Killed Terence
  1185 | D:2      | Reached skill level 4 in Maces & Flails
  1233 | D:2      | Reached XP level 6. HP: 18/49 MP: 6/6
  2593 | D:4      | Found a white marble altar of Elyvilon.
  2653 | D:4      | Reached skill level 5 in Shields
  2660 | D:4      | Found a shadowy altar of Dithmenos.
  2745 | D:4      | Found Zinti's Magic Scroll Shoppe.
  2754 | D:4      | Bought 2 scrolls of identify for 52 gold pieces
  2754 | D:4      | Bought a scroll of identify for 26 gold pieces
  2754 | D:4      | Bought a scroll of identify for 26 gold pieces
  2754 | D:4      | Bought a scroll of identify for 26 gold pieces
  2754 | D:4      | Bought a scroll of magic mapping for 45 gold pieces
  2986 | D:4      | Found Jinicugg's General Store.
  2990 | D:4      | Bought a scroll of identify for 20 gold pieces
  3025 | D:4      | Noticed a phantom
  3103 | D:4      | Killed a phantom
  3160 | D:4      | Found a transporter.
  3161 | D:4      | Noticed an ogre
  3161 | D:4      | Noticed nawrastar's ghost (amateur HaHu)
  3162 | D:4      | Noticed an ogre
  3193 | D:4      | Reached XP level 7. HP: 55/55 MP: 7/7
  3211 | D:4      | Found a transporter.
  3302 | D:4      | Found Qais's Assorted Antiques.
  3310 | D:4      | Bought a scroll labeled XOUJURH KOOTTO for 28 gold pieces
  3429 | D:4      | Reached skill level 5 in Maces & Flails
  3758 | D:5      | Entered Level 5 of the Dungeon
  3787 | D:5      | Reached skill level 5 in Fighting
  3826 | D:5      | Found a sand-covered staircase.
  3891 | Ossuary  | Entered an ossuary
  4138 | Ossuary  | Reached skill level 6 in Maces & Flails
  4138 | Ossuary  | Reached XP level 8. HP: 27/63 MP: 8/8
  4439 | Ossuary  | Identified a scroll of acquirement
  5222 | D:4      | Bought 2 scrolls of identify for 52 gold pieces
  5222 | D:4      | Bought a scroll of enchant armour for 97 gold pieces
  5414 | D:4      | Paralysed by fainting for 11 turns
  5437 | D:4      | Paralysed by fainting for 7 turns
  5469 | D:4      | Bought a shimmering dagger for 196 gold pieces
  5469 | D:4      | Bought a potion of curing for 84 gold pieces
  5469 | D:4      | Identified the +3 dagger of the Revolution {flame, *Contam +Inv Dex+3} (You bought it in a shop on level 4 of the Dungeon)
  5516 | D:5      | Noticed a hippogriff
  5537 | D:5      | Killed a hippogriff
  5537 | D:5      | Reached skill level 7 in Maces & Flails
  6006 | D:5      | Found a sacrificial altar of Ru.
  6097 | D:5      | Reached XP level 9. HP: 37/71 MP: 9/9
  6464 | D:5      | Found a staircase to the Ecumenical Temple.
  6498 | D:5      | Found a snail-covered altar of Cheibriados.
  6532 | Temple   | Entered the Ecumenical Temple
  6841 | Temple   | Became a worshipper of Makhleb the Destroyer
  7117 | D:6      | Noticed a kobold demonologist
  7118 | D:6      | Noticed a kobold demonologist
  7121 | D:6      | Found a transporter.
  7125 | D:6      | Found a transporter.
  7300 | D:6      | Reached skill level 1 in Invocations
  7368 | D:6      | Reached skill level 8 in Maces & Flails
  7601 | D:6      | Found an opulent altar of Gozag.
  7703 | D:6      | Noticed Edmund
  7775 | D:6      | Killed Edmund
  7831 | D:6      | Gained mutation: Your spells are a little easier to cast, but a little less powerful. [mutagenic glow]
  7838 | D:7      | Found a bloodstained altar of Trog.
  7975 | D:7      | Reached * piety under Makhleb
  8272 | D:7      | Reached skill level 9 in Maces & Flails
  8294 | D:7      | Found a flagged portal.
  8303 | Bailey   | Entered a bailey
  8340 | Bailey   | Noticed an orc knight
  8738 | D:7      | Reached XP level 10. HP: 79/79 MP: 12/12
  9161 | D:7      | Found a runed door.
  9268 | D:7      | Noticed Crazy Yiuf
  9270 | D:7      | Killed Crazy Yiuf
  9312 | D:8      | Noticed a two-headed ogre
  9687 | D:8      | Reached ** piety under Makhleb
  9784 | D:8      | Noticed a two-headed ogre
  9797 | D:7      | HP: 1/80 [two-headed ogre/giant spiked club (4)]
  9798 | D:7      | Demolished by a two-headed ogre

Vault maps used:
D:1:      scummos_arrival_forest, minmay_tromino_v7
D:2:      nicolae_overflow_hidden_temple, minmay_small_reverse_x, uniq_terence
D:3:      minmay_shallow_snake_nest
D:4:      kennysheep_mini_moat, overflow_temple_1_default,
          gammafunk_ghost_smash, serial_shops, shop, shop_statue, shop
D:5:      lemuel_coloured_pillars_altar, minmay_temple_entry_enclosed_plants,
          enter_ossuary_1, first_ration, nrook_mini_vaults,
          nicolae_ru_awakened_eye
D:6:      gammafunk_wand_slinger, grunt_gozag_statues, uniq_edmund
D:7:      trog_ov_bears_minmay, enter_bailey_3, uniq_crazy_yiuf_cottage
Temple:   minmay_temple_bridge_d
Ossuary:  ossuary_minmay_scorpions
Bailey:   bailey_axe_1, bailey

Skill      XL: |  1  2  3  4  5  6  7  8  9 10 |
---------------+-------------------------------+-----
Shields        | 4 5 6 7 8 |  8.9
Maces & Flails | 3 4 6 7 9 |  9.8
Fighting       | 4 5 6 7 8 |  8.1
Invocations    | 3 4 |  4.7
Armour         | |  3.6

Action                   |  1- 3 |  4- 6 |  7- 9 | 10-12 || total
-------------------------+-------+-------+-------+-------++-------
Melee: Flail             |    67 |       |    97 |    45 ||   209
       Whip              |    41 |   240 |    36 |       ||   317
       Mace              |       |       |   249 |       ||   249
       Dagger            |       |       |   175 |       ||   175
       Quarterstaff      |       |       |       |    68 ||    68
 Abil: Dig               |       |     3 |     7 |       ||    10
       Shaft Self        |       |       |       |     1 ||     1
Evoke: Wand              |       |       |    10 |     9 ||    19
  Use: Scroll            |       |    17 |     8 |     1 ||    26
       Potion            |       |     2 |    10 |       ||    12
 Stab: Invisible         |       |       |     6 |       ||     6
       Confused          |       |       |       |     1 ||     1
  Eat: Chunk             |       |     8 |     9 |     5 ||    22
       Ration            |       |       |     3 |       ||     3
Armor: Scale mail        |    48 |    29 |       |       ||    77
       Chain mail        |       |    24 |   141 |       ||   165
       Skin              |       |       |    89 |       ||    89
       Plate armour      |       |       |    63 |    45 ||   108
Dodge: Dodged            |    30 |    47 |   123 |    14 ||   214
Block: Shield            |    50 |    88 |   370 |    71 ||   579

Table legend:
 A = Spawn XP
 B = Non-spawn XP
 C = Spawn XP percentage of total XP
 D = Spawn monster count
 E = Non-spawn monster count
 F = Spawn count percentage of total count
 G = Total turns spent on level
                    A         B        C        D         E        F      G
               +---------+---------+-------+---------+---------+-------+---------
         Total |       0 |    5261 |   0.0 |       0 |     194 |   0.0 |  9798
               +---------+---------+-------+---------+---------+-------+---------
           D:1 |       0 |      54 |   0.0 |       0 |      27 |   0.0 |   850
           D:2 |       0 |     235 |   0.0 |       0 |      20 |   0.0 |   954
           D:3 |       0 |      32 |   0.0 |       0 |      12 |   0.0 |   659
           D:4 |       0 |     290 |   0.0 |       0 |      17 |   0.0 |  1606
           D:5 |       0 |     822 |   0.0 |       0 |      16 |   0.0 |  1417
           D:6 |       0 |    1032 |   0.0 |       0 |      20 |   0.0 |  1024
           D:7 |       0 |    1499 |   0.0 |       0 |      38 |   0.0 |  1357
           D:8 |       0 |     565 |   0.0 |       0 |       8 |   0.0 |   233
       Ossuary |       0 |     722 |   0.0 |       0 |      31 |   0.0 |  1252
        Bailey |       0 |      10 |   0.0 |       0 |       5 |   0.0 |    67
               +---------+---------+-------+---------+---------+-------+---------
